 Dungeon Crawl Stone Soup version 0.26-a0-597-gb535b0901c (webtiles) character file.

Game seed: 2736132577083247495

62 Eifo4Ohj9gu9Dob0ohLe the Skirmisher (level 3, 0/52 HPs)
             Began as a Palentonga Abyssal Knight on Aug 25, 2020.
             Was a Follower of Lugonu.
             Slain by an orc
             ... wielding a +0 trident
              (4 damage)
             ... on level 4 of the Dungeon.
             The game lasted 00:05:19 (1219 turns).

Eifo4Ohj9gu9Dob0ohLe the Skirmisher (PaAK)          Turns: 1219, Time: 00:05:20

Health: 0/52       AC: 21    Str: 16    XL:     3   Next: 85%
Magic:  4/4        EV:  1    Int: 12    God:    Lugonu [*.....]
Gold:   28         SH:  0    Dex:  9    Spells: 2/2 levels left

rFire    . . .     SeeInvis +   a - +1 mace
rCold    . . .     Faith    .   (no shield)
rNeg     + + +     Spirit   .   (armour currently unavailable)
rPois    +         Reflect  .   (helmet currently unavailable)
rElec    .         Harm     .   (cloak currently unavailable)
rCorr    .         NoTele   +   (gloves currently unavailable)
MR       .....                  (no barding)
Stlth    +.........             (no amulet)
HPRegen  0.17/turn              (no ring)
MPRegen  0.09/turn              (no ring)

@: brilliant, tree-form
A: large, rugged brown scales 3, see invisible
a: Depart the Abyss, Renounce Religion


You were on level 4 of the Dungeon.
You worshipped Lugonu.
Lugonu was aware of your devotion.
You were a tree.
You visited 1 branch of the dungeon, and saw 3 of its levels.
You visited the Abyss 1 time.

You collected 28 gold pieces.

Inventory:

Hand Weapons
 a - a +1 mace (weapon)
 c - a +0 short sword
Armour
 b - a +0 leather armour (melded)
 f - a +2 helmet
Scrolls
 g - a scroll of fear {unknown}
 i - a scroll of teleportation {unknown}
 j - a scroll of fog {unknown}
 k - a scroll of remove curse {unknown}
 l - a scroll of identify {unknown}
Potions
 h - a potion of mutation {unknown}
 m - a potion of curing {unknown}


   Skills:
 + Level 3.8 Fighting
 + Level 2.4 Maces & Flails
 + Level 2.2 Armour
 + Level 1.0 Dodging
 + Level 2.3 Invocations


You had 2 spell levels left.
You didn't know any spells.
Your spell library was empty.

Dungeon Overview and Level Annotations

Branches:
Dungeon (2/15)

Altars:


Innate Abilities, Weirdness & Mutations

(You are completely covered in rugged brown scales. (AC +3, +7% HP))
You have supernaturally acute eyesight. (SInv)
((Armour fits poorly on your strangely shaped body.))
((You can roll at foes to attack.))
((You have a long armoured tail.))


Message History

The magic dart hits you.
* * * LOW HITPOINT WARNING * * *
The orc hits you but does no damage. x2
You closely miss the orc.
The orc is heavily wounded.
The orc hits you but does no damage. x2
The orc wizard casts a spell.
The orc wizard blinks!
You closely miss the orc.
The orc is heavily wounded.
The orc completely misses you. The orc hits you but does no damage.
You hit the orc.
You kill the orc!
Lugonu accepts your kill. The orc hits you but does no damage.
You cannot move.
You closely miss the orc wizard. The orc hits you but does no damage.
The orc wizard hits you but does no damage.
The orc hits you from afar with a +0 trident.
You die... ..... ...# ...# .l# lo#

#o# #)# #♣#
#.####o######
#...........#
#...........#
#.....†.....#
##..........#
#..........#
#..........#
##..#...$###


You could see an orc wizard, 2 orcs, a leopard gecko and a frilled lizard.

Vanquished Creatures
  An orc wizard (D:4)
  An adder (D:4)
  A leopard gecko (D:1)
  An orc (D:4)
  A bat (D:1)
  2 giant cockroaches (D:1)
  3 goblins (D:1)
  5 hobgoblins
  6 kobolds (D:1)
21 creatures vanquished.

Notes
Turn   | Place    | Note
-------+----------+-------------------------------------------
     0 | Abyss:1  | Eifo4Ohj9gu9Dob0ohLe the Palentonga Abyssal Knight began
                  | the quest for the Orb.
     0 | Abyss:1  | Reached XP level 1. HP: 20/20 MP: 2/2
     0 | D:1      | Escaped the Abyss
   230 | D:1      | Reached XP level 2. HP: 21/27 MP: 3/3
   269 | D:1      | Reached * piety under Lugonu
  1192 | D:2      | You fall into a shaft and drop 2 floors!
  1200 | D:4      | Reached XP level 3. HP: 20/33 MP: 4/4
  1208 | D:4      | Reached skill level 1 in Dodging
  1219 | D:4      | Slain by an orc

Illustrated notes

Levels and vault maps discovered:
D:1:      scummos_arrival_forest, layout_loops_corners, serial_rivers,
          chequers_serial_rivers_marsh, chequers_serial_rivers_micro_b,
          chequers_serial_rivers_small_a, chequers_serial_rivers_room_a
D:2:      kennysheep_the_goblin_king, layout_loops_corners,
          nicolae_dithmenos_shadow_blocks, grunt_ministairs_3
D:4:      layout_basic, dancing_weapons_uskayaw, serial_shops,
          nicolae_shop_crystal, nrook_uturn, uniq_grinder

Skill      XL: |  1  2  3 |
---------------+----------+-----
Armour         | 2 |  2.2
Dodging        | 1 |  1.0
Fighting       | |  3.8
Maces & Flails | |  2.4
Invocations    | |  2.3

Action                   || total
-------------------------++-------
Melee: Mace              ||    66
       Tailslap          ||     7
Invok: Depart the Abyss  ||     1
  Use: Potion            ||     2
Armor: Leather armour    ||    34
       Skin              ||     9
Dodge: Dodged            ||    52

Table legend: (Time is in decaauts)
 A = Elapsed time spent in this place.
 B = Non-inter-level travel time spent in this place.
 C = Inter-level travel time spent in this place.
 D = Time resting spent in this place.
 E = Time spent auto-exploring this place.
 F = Levels seen in this place.
 G = Mean time per level.
                   A        B        C        D        E       F      G
               +--------+--------+--------+--------+--------+-----+--------+
         Total |   1242 |   1219 |     23 |    263 |    391 |   4 |  310.5 |
       Dungeon |   1242 |   1219 |     23 |    263 |    391 |   3 |  414.0 |
         Abyss |      0 |      0 |      0 |      0 |      0 |   1 |    0.0 |
               +--------+--------+--------+--------+--------+-----+--------+

Top non-repeatable levels by time:
     D:1: 1148 daAuts
     D:2: 62 daAuts
     D:4: 32 daAuts
